 Dungeon Crawl Stone Soup version 0.17-a0-1701-gf693a3f (webtiles) character file.

96 hexophile the Ruffian (level 4, -1/39 HPs)
             Began as a Troll Wizard on Aug 22, 2015.
             Was an Initiate of Nemelex Xobeh.
             Slain by Ajdolov's ghost (14 damage)
             ... on level 3 of the Dungeon.
             The game lasted 00:03:43 (1682 turns).

hexophile the Ruffian (Troll Wizard)                Turns: 1682, Time: 00:03:43

Health: -1/39      AC:  5    Str: 16    XL:     4   Next: 41%
Magic:  6/6        EV:  9    Int: 14    God:    Nemelex Xobeh [......]
Gold:   122        SH:  0    Dex:  8    Spells: 1 memorised, 6 levels left

rFire  . . .     SeeInvis .       - Unarmed
rCold  . . .     Clarity  .     a - +0 robe
rNeg   . . .     SustAt   .     (no shield)
rPois  .         Gourm    +     b - +0 hat
rElec  .         Spirit   .     (no cloak)
rCorr  .         Warding  .     (gloves unavailable)
rMut   .         Stasis   .     (boots unavailable)
MR     .....                    (no amulet)
Stlth  +.........               (no ring)
                                (no ring)

@: not resistant to hostile enchantments, very unstealthy
A: unfitting armour, claws 3, fast metabolism 3, gourmand, regeneration 2,
shaggy fur 1, tough skin 2
a: Renounce Religion


You were on level 3 of the Dungeon.
You worshipped Nemelex Xobeh.
Nemelex Xobeh was noncommittal.
You were full.

You visited 1 branch of the dungeon, and saw 3 of its levels.

You collected 122 gold pieces.

Inventory:

Armour
 a - a +0 robe (worn)
 b - a +0 hat (worn)
Scrolls
 f - a scroll of remove curse {unknown}
 i - 2 scrolls of identify {unknown}
 j - a scroll of vulnerability {unknown}
 n - a scroll of enchant armour {unknown}
Potions
 e - a potion of cure mutation {unknown}
 g - a potion of curing {unknown}
 l - a potion of heal wounds {unknown}
 m - a potion of flight {unknown}
Books
 c - a book of Minor Magic

   Spells                             Type                      Level
   a - Magic Dart                     Conjuration                  1
   b - Blink                          Translocation                2
   c - Call Imp                       Summoning                    2
   d - Repel Missiles                 Charms/Air                   2
   e - Slow                           Hexes                        2
   f - Conjure Flame                  Conjuration/Fire             3
   g - Mephitic Cloud                 Conjuration/Poison/Air       3
Comestibles
 d - 4 bread rations
 h - a slice of pizza
 k - 2 fruits


   Skills:
 - Level 1.5 Dodging
 - Level 1.1 Stealth
 * Level 4.1 Unarmed Combat
 - Level 2.0 Spellcasting
 - Level 0.6 Conjurations
   Level 0.6 Summonings
   Level 0.6 Translocations


You had 6 spell levels left.
You knew the following spells:

 Your Spells              Type           Power        Failure   Level  Hunger
a - Magic Dart            Conj           #...         21%         1    ##.....


Dungeon Overview and Level Annotations

Branches:
Dungeon (3/15)

Altars:
Gozag
Nemelex Xobeh

Annotations:
D:3 Ajdolov's ghost, average HOGl


Innate Abilities, Weirdness & Mutations

You are too large for most types of armour.
You have claws for hands.
Your metabolism is lightning-fast.
You like to eat raw meat.
You heal very quickly.
You are covered in fur (AC +1).
You have very tough skin (AC +2).


Message History

The gnoll moves out of view.
A gnoll and a player ghost come into view.
Ajdolov's ghost moves out of view.
There are monsters nearby!
There are monsters nearby!
The gnoll hits you but does no damage.
Ajdolov's ghost hits you but does no damage.
There is an open door here.
There are monsters nearby!
You closely miss Ajdolov's ghost.
The gnoll shouts!
The gnoll hits you from afar with a spear.
The gnoll hits you with a whip. Ajdolov's ghost hits you.
The gnoll barely misses you.
You closely miss Ajdolov's ghost. Ajdolov's ghost hits you!
You closely miss Ajdolov's ghost.
The gnoll hits you from afar with a spear.
The gnoll hits you with a whip. Ajdolov's ghost hits you!
You die...
Your body disappears without a glow.

##########
#........#
#........#
#........#
#.....g..#
#....gg..#
#..Wg....#
#####@#
#.....#
#.###.#
#.###.# #
#..##.##.#
#........#
#####.##.#
####.##.#
######..(....#


You could see Ajdolov's ghost and 4 gnolls.

Vanquished Creatures
  4 adders (D:2)
  2 gnolls (D:2)
  A worm (D:2)
  3 giant geckos
  4 hobgoblins (D:1)
  3 jackals (D:2)
  5 kobolds
  A ball python (D:2)
  5 bats
  3 giant newts
  3 goblins
  7 rats
41 creatures vanquished.

Notes
Turn   | Place    | Note
--------------------------------------------------------------
     0 | D:1      | hexophile the Troll Wizard began the quest for the Orb.
     0 | D:1      | Reached XP level 1. HP: 16/16 MP: 2/2
    59 | D:1      | Reached skill level 1 in Unarmed Combat
   263 | D:1      | Reached XP level 2. HP: 24/24 MP: 4/4
   733 | D:2      | Reached XP level 3. HP: 28/31 MP: 5/5
   738 | D:2      | Reached skill level 3 in Unarmed Combat
  1343 | D:2      | Found a sparkling altar of Nemelex Xobeh.
  1344 | D:2      | Found an opulent altar of Gozag.
  1358 | D:2      | Became a worshipper of Nemelex Xobeh the Trickster
  1438 | D:2      | Reached XP level 4. HP: 39/39 MP: 6/6
  1462 | D:2      | HP: 3/39 [gnoll/halberd (14)]
  1553 | D:2      | Reached skill level 4 in Unarmed Combat
  1678 | D:3      | Noticed Ajdolov's ghost (average HOGl)
  1682 | D:3      | Slain by Ajdolov's ghost

Vault maps used:
D:1:      lightli_molten_gateway, minmay_misc_feat_doors, dk_noncrumbling_4
D:2:      grunt_temple_overflow_opulence
D:3:      first_bread, uniq_jessica

Action                   |  1- 3 |  4- 6 || total
-------------------------+-------+-------++-------
Melee: Unarmed           |   112 |    15 ||   127
 Stab: Sleeping          |     1 |       ||     1
  Eat: Chunk             |    10 |     7 ||    17
